 Dungeon Crawl Stone Soup version 0.31-a0-1576-ga3383bade6 (webtiles) character file.

Game seed: 13933252326716881009

175 Flugslaktarn the Trooper (level 5, 0/38 (48) HPs)
             Began as a Minotaur Fighter on Jan 4, 2024.
             Was an Initiate of Gozag.
             Slain by a wight
             ... wielding a +2 war axe of draining
              (1 damage)
             ... on level 4 of the Dungeon.
             The game lasted 00:01:26 (2148 turns).

Flugslaktarn the Trooper (Minotaur Fighter)         Turns: 2148, Time: 00:01:27

HP:   0/38 (48)     AC:  7    Str: 22    XL:     5   Next: 29%
MP:   4/4           EV:  9    Int:  5    God:    Gozag
Gold: 104           SH:  4    Dex: 10    Spells: 4/4 levels left

rFire   . . .        a - +0 war axe
rCold   . . .        c - +0 buckler
rNeg    . . .        b - +0 scale mail
rPois   .            (helmet restricted)
rElec   .            (no cloak)
rCorr   .            (no gloves)
SInv    .            (no boots)
Will    .....        (no amulet) Stlth
                     (no ring)
HPRegen 0.26/turn    (no ring)
MPRegen 0.09/turn

%: no passive effects
@: mighty, heavily drained
A: horns 2, retaliatory headbutt
a: Renounce Religion, Potion Petition, Call Merchant, Bribe Branch


You were on level 4 of the Dungeon.
You worshipped Gozag.
Gozag was aware of your devotion.
You visited 1 branch of the dungeon, and saw 4 of its levels.

You collected 196 gold pieces.
You spent 24 gold pieces at shops.
You paid 68 gold pieces to Gozag.

Inventory:

Hand Weapons
 a - a +0 war axe (weapon)
Armour
 b - a +0 scale mail (worn)
 c - a +0 buckler (worn)
Jewellery
 m - a ring of wizardry
   (You found it on level 2 of the Dungeon)
 p - a +6 ring of dexterity
   (You found it on level 3 of the Dungeon)
Scrolls
 f - a scroll of noise {unknown}
 g - 4 scrolls of identify {unknown}
 h - 2 scrolls of teleportation {unknown}
 j - a scroll of vulnerability {unknown}
 k - a scroll of amnesia {unknown}
 l - a scroll of fear {unknown}
 o - a scroll of torment {unknown}
Potions
 i - a potion of mutation {unknown}
 n - 2 potions of brilliance {unknown}
 q - 3 potions of curing


   Skills:
 * Level 5.1 Fighting
 * Level 4.2 Axes
 + Level 4.5 Armour
 + Level 4.4 Shields


You had 4 spell levels left.
You didn't know any spells.
Your spell library contained the following spells:

 Spells                   Type           Power      Damage    Failure   Level
 Shock                    Conj/Air       0%         1d3       86%         1
 Swiftness                Air            0%         N/A       99%         3
 Tukima's Dance           Hex            0%         N/A       99%         3
 Airstrike                Air            0%         2d(0-16)  100%        4
 Passage of Golubria      Tloc           0%         N/A       100%        4
 Summon Forest            Summ/Tloc      0%         N/A       100%        5
 Summon Mana Viper        Hex/Summ       0%         N/A       100%        5
 Yara's Violent Unravell  Hex/Alch       0%         3d3       100%        5
 Summon Cactus Giant      Summ           0%         N/A       100%        6


Dungeon Overview and Level Annotations

Branches:
Dungeon (4/15)
 Temple: D:4-7

Altars:
Gozag
Ru

Shops:
D:1 *   D:3 [


Innate Abilities, Weirdness & Mutations

You have a pair of horns on your head.
You reflexively headbutt those who attack you in melee.


Message History

A quokka is nearby!
A quokka is nearby!
You slash the quokka!
You kill the quokka!
No target in view!
No target in view!
No target in view!
Found a rapier.
You see here a quokka corpse.
No target in view!
Found a stone staircase leading up.
You pick up Great Wizards, Vol.
VII and begin reading...
You add the spells Tukima's Dance, Passage of Golubria and Yara's Violent Unravelling to your library.
No target in view!
No target in view!
e - 5 metallic grey potions (gained 2)
A ball python comes into view.
Found 6 gold pieces.
Found an opulent altar of Gozag.
A ball python is nearby!
A ball python is nearby!
Found 22 gold pieces and a barding.
You block the ball python's attack. The ball python grabs you.
The ball python constricts you. The ball python bites you.
The ball python constricts you.
You closely miss the ball python. The ball python closely misses you.
The ball python constricts you.
You slash the ball python!
You kill the ball python!
No target in view!
No target in view!
No target in view!
No target in view!
You see here a ball python corpse.
You hear the slow rusting of a very distant drain.
You now have 145 gold pieces (gained 1).
There is an opulent altar of Gozag here.
You kneel at the altar of Gozag.
Gozag welcomes you!
You pay a service fee of 68 gold.
You now have 78 gold pieces (gained 1).
You now have 79 gold pieces (gained 1).
You now have 80 gold pieces (gained 1).
You now have 82 gold pieces (gained 2).
You now have 83 gold pieces (gained 1).
You now have 84 gold pieces (gained 1).
You now have 86 gold pieces (gained 2).
You now have 104 gold pieces (gained 18).
Found a dagger.
A wight comes into view. It is wielding a +0 short sword.
A wight is nearby!
A wight is nearby! 2 wights come into view.
A wight is wielding a +2 war axe of draining.
Found a stone staircase leading down.
You see here a +0 dagger.
Found a scroll labelled YPAISU JIAT.
The wight hits you with a +0 short sword.
You barely miss the wight. Your headbutt misses the wight.
The wight barely misses you.
You barely miss the wight. x2
The wight hits you with a +2 war axe of draining!
You feel drained. x2; The wight hits you but does no damage.
The wight hits you with a +2 war axe of draining!
You feel drained. x2
The wight hits you with a +0 short sword!
* * * LOW HITPOINT WARNING * * *
You are too injured to fight recklessly!
You are too injured to fight recklessly!
You are too injured to fight recklessly!
You are too injured to fight recklessly!
You are too injured to fight recklessly!
You are too injured to fight recklessly!
You are too injured to fight recklessly!
You are too injured to fight recklessly!
You are too injured to fight recklessly!
You are too injured to fight recklessly!
Unknown command.
Press: ? - help, v - describe, . - travel
Here: a wight, wielding a +2 war axe of draining and wearing a +0 robe The floor.
Unknown command.
The wight attacks as it pursues you! The wight barely misses you.
You see here a +0 dagger.
The wight attacks as it pursues you! The wight closely misses you.
You furiously retaliate!
You headbutt the wight!
It was a potion of curing.
You feel better.
q - 4 potions of curing The wight barely misses you.
You feel better.
The wight hits you with a +2 war axe of draining!
You feel drained.
* * * LOW HITPOINT WARNING * * *
You feel very mighty all of a sudden.
You hear the slow rusting of a distant drain.
The wight hits you with a +2 war axe of draining!
* * * LOW HITPOINT WARNING * * *
You feel drained.
* * * LOW HITPOINT WARNING * * *
You feel drained.
You die...
Your body crumbles into a pile of gold.

.......##..#.. ..>..
..........##.. .....
.......##.#..# ......
.......####..#######......
#.....## ##.............#
#..#..## ##..........#
##.##..###...##.zz...#
#..##..##....###z###.##
...##...†.._..##@##...#
##.......#............#
.###....##.......###....
.###..#..#.......# .#
###...#........#.# ?. #
#.....#.....##..#
##.#........###.#
###...[##### .# ##.### ..


You could see 3 wights.

Vanquished Creatures
  Natasha (twice) (D:3)
  An adder (D:3)
  3 dart slugs
  2 ribbon worms
  12 orcs
  8 endoplasms
  4 giant cockroaches
  5 goblins
  7 hobgoblins
  7 jackals
  4 kobolds
  2 quokkas
  8 ball pythons
  7 bats
  6 frilled lizards
  11 rats
89 creatures vanquished.

Notes
Turn   | Place    | Note
-------+----------+-------------------------------------------
     0 | D:1      | Flugslaktarn the Minotaur Fighter began the quest for the
                  | Orb.
     0 | D:1      | Reached XP level 1. HP: 19/19 MP: 0/0
    57 | D:1      | Reached XP level 2. HP: 19/27 MP: 1/1
   145 | D:1      | Found a faded altar of an unknown god.
   148 | D:1      | Reached skill level 4 in Fighting
   202 | D:1      | Found Taseigiq's Assorted Antiques.
   359 | D:1      | Reached XP level 3. HP: 33/33 MP: 2/2
   889 | D:1      | Bought a scroll labelled PADDUXI XOYMI for 24 gold pieces
  1285 | D:2      | Reached XP level 4. HP: 33/41 MP: 3/3
  1703 | D:3      | Found Kual's Antique Armour Shop.
  1747 | D:3      | Found a sacrificial altar of Ru.
  1869 | D:3      | Noticed Natasha
  1873 | D:3      | Killed Natasha
  1874 | D:3      | Reached skill level 5 in Fighting
  1874 | D:3      | Reached XP level 5. HP: 33/48 MP: 4/4
  2000 | D:3      | Noticed Natasha
  2005 | D:3      | Killed Natasha
  2093 | D:4      | Found an opulent altar of Gozag.
  2102 | D:4      | Became a worshipper of Gozag Ym Sagoz the Greedy
  2148 | D:4      | HP: 1/39 [wight/+2 war axe of draining (3)]
  2148 | D:4      | Slain by a wight

Illustrated notes

Levels and vault maps discovered:
D:1:      dpeg_arrival_prison, layout_basic,
          hellmonk_ecumenical_altar_dog_temple, serial_shops,
          nicolae_shop_hallway_stairs, minivault_14
D:2:      layout_basic
D:3:      layout_rooms, mainiacjoe_overflow_24_doors, serial_shops, shop,
          uniq_natasha
D:4:      layout_cave_pools, marbit_many_paths, nicolae_gozag_seed_capital,
          minmay_temple_entry_overgrown, portal_sewer_entry_d, uniq_pikel

Skill      XL: |  1  2  3  4 |
---------------+-------------+-----
Fighting       | 4 5 |  5.1
Axes           | 3 4 |  4.2
Armour         | 4 |  4.5
Shields        | 4 |  4.4

Action                     |  1- 3 |  4- 6 || total
---------------------------+-------+-------++-------
  Melee: War axe           |   106 |    46 ||   152
         Headbutt          |    10 |     7 ||    17
    Use: Potion            |       |     3 ||     3
 Armour: Scale mail        |    64 |    38 ||   102
  Dodge: Dodged            |    45 |    19 ||    64
  Block: Buckler           |    25 |     8 ||    33

Table legend: (Time is in decaauts)
 A = Elapsed time spent in this place.
 B = Non-inter-level travel time spent in this place.
 C = Inter-level travel time spent in this place.
 D = Time resting spent in this place.
 E = Time spent auto-exploring this place.
 F = Levels seen in this place.
 G = Mean time per level.
                   A        B        C        D        E       F      G
               +--------+--------+--------+--------+--------+-----+--------+
         Total |   2202 |   2117 |     85 |      0 |   1672 |   4 |  550.5 |
       Dungeon |   2202 |   2117 |     85 |      0 |   1672 |   4 |  550.5 |
               +--------+--------+--------+--------+--------+-----+--------+

Top non-repeatable levels by time:
     D:1: 916 daAuts
     D:2: 690 daAuts
     D:3: 496 daAuts
     D:4: 100 daAuts
